[Event "FIDE World Cup 2013"]
[Site "TromsÃ¸"]
[Date "2013.08.13"]
[Round "1.4"]
[White "Ragger, Markus"]
[Black "Popov, Ivan"]
[Result "1/2-1/2"]
[ECO "D85"]
[WhiteElo "2680"]
[BlackElo "2632"]
[PlyCount "180"]
[EventDate "2013.??.??"]
[EventCountry "NOR"]
[TimeControl "1500+10"]

1. d4 Nf6 2. c4 g6 3. Nc3 d5 4. cxd5 Nxd5 5. Bd2 Bg7 6. e4 Nxc3 7. Bxc3 O-O 8. Qd2 e5 9. dxe5 Qh4 10. Qc2 Nc6 11. Nf3 Qe7 12. Be2 Bg4 13.
O-O Bxf3 14. Bxf3 Bxe5 15. Rfd1 Rad8 16. g3 Rxd1+ 17. Rxd1 Rd8 18. Rxd8+ Qxd8 19. Be2 Bxc3 20. bxc3 Qd6 21. Kg2 g5 22. Qc1 Qc5 23.
Qd2 Kg7 24. f4 h6 25. e5 gxf4 26. gxf4 Ne7 27. Bf3 b6 28. Be4 Qc4 29. Qc2 f6 30. exf6+ Kxf6 31. Kg3 Qc5 32. Qd2 Qg1+ 33. Kh3 a5 34. Bf3 Qf1+ 35. Bg2 Qc4 36. Bf3 Qe6+ 37. Bg4 Qd5 38. Qe2 Ng6 39. Kg3 Ne7 40. c4 Qd6 41. Qe3 Nf5+ 42. Bxf5 Kxf5 43. Qf3 Qg6+ 44. Kf2 Qg7 45. Qe3 c5 46. Qd3+ Kxf4 47. Qf3+ Kg5 48. Qg3+ Kf6 49. Qd6+ Kf7 50. Qc7+ Kg8 51. Qxb6 Qd4+ 52. Kf3 Qd3+ 53. Kf2 Qxc4 54. Qg6+ Kf8 55. Qxh6+ Ke7 56. Qg7+ Kd6 57. Qf6+ Kc7 58.
Qe5+ Kb6 59. Qb2+ Ka7 60. Qg7+ Ka6 61. Qf6+ Kb5 62. Qb2+ Ka4 63. h3 Qf4+ 64. Kg2 Qe4+ 65. Kg3 Qd3+ 66. Kg2 c4 67. h4 Qe4+ 68.
Kg3 Qe1+ 69. Kh3 Qb4 70. Qc2+ Ka3 71. h5 c3 72. h6 Qb2 73. Qf5 Kxa2 74. h7 c2 75. Qxa5+ Kb1 76. Qf5 Qc3+ 77. Kg4 Qd4+ 78. Kf3 Qd1+ 79. Kg2 Qe2+ 80. Kg3 Qe3+ 81. Kg2 Qd2+ 82. Kf3 Qc3+ 83. Kg2 Qd4 84. Qb5+ Ka2 85. Qa6+ Kb2 86. Qb5+ Kc3 87. Qc6+ Kb2 88. Qb5+ Kc1 89. Qf1+ Kd2 90. Qf2+ Qxf2+ 1/2-1/2

[Event "FIDE World Cup 2013"]
[Site "TromsÃ¸"]
[Date "2013.08.13"]
[Round "1.4"]
[White "Ramirez, Alejandro"]
[Black "Tomashevsky, Evgeny"]
[Result "1/2-1/2"]
[ECO "A09"]
[WhiteElo "2583"]
[BlackElo "2709"]
[PlyCount "54"]
[EventDate "2013.??.??"]
[EventCountry "NOR"]
[TimeControl "1500+10"]

1. Nf3 d5 2. c4 d4 3. e3 Nc6 4. exd4 Nxd4 5. Nxd4 Qxd4 6. d3 Nh6 7. Nc3 c6 8. Be3 Qd8 9. d4 Nf5 10. Qd2 g6 11. Be2 Bg7 12. Rd1 O-O 13.
O-O Nxe3 14. Qxe3 Re8 15. d5 cxd5 16. Rxd5 Qb6 17. Qxb6 axb6 18. Ra1 Be6 19. Rb5 Bd4 20. Nd5 Bxd5 21. cxd5 Rec8 22. Rd1 Ra4 23. b3 Rxa2 24. Rxd4 Rxe2 25. g3 Rcc2 26. Rf4 Rcd2 27. Kf1 Re5 1/2-1/2

[Event "FIDE World Cup 2013"]
[Site "TromsÃ¸"]
[Date "2013.08.13"]
[Round "1.4"]
[White "Riazantsev, Alexander"]
[Black "Felgaer, Ruben"]
[Result "1/2-1/2"]
[ECO "D10"]
[WhiteElo "2708"]
[BlackElo "2586"]
[PlyCount "143"]
[EventDate "2013.??.??"]
[EventCountry "NOR"]
[TimeControl "1500+10"]

1. d4 d5 2. c4 c6 3. Nc3 dxc4 4. e4 b5 5. a4 b4 6. Nce2 e6 7. Nf3 Ba6 8. Ng3 c5 9. d5 exd5 10. exd5 Nf6 11. Bg5 Qxd5 12. Qxd5 Nxd5 13. O-O-O h6 14. Re1+ Be7 15. Bxe7 Nxe7 16. Nf5 Nbc6 17. Nd6+ Kd7 18. Nxf7 Rhf8 19. N7e5+ Nxe5 20. Nxe5+ Kc7 21. Bxc4 Bxc4 22. Nxc4 Nc6 23.
Re2 Rad8 24. Kb1 Rfe8 25. Re3 Rxe3 26. fxe3 Rf8 27. Rc1 g5 28.
b3 Rf2 29. Rc2 Rf1+ 30. Rc1 Rf2 31. Rc2 Rf1+ 32. Kb2 Rg1 33. Rf2 Kd7 34. Rd2+ Ke7 35. Kc2 Nd8 36. Ne5 a6 37. g3 Nf7 38. Nc6+ Ke6 39. Nb8 Nd6 40. Nxa6 Ne4 41. Nc7+ Ke7 42. Rd5 Nf6 43. Rxc5 Rg2+ 44. Kd3 Rxh2 45. a5 Nd7 46. Rf5 Rb2 47. Nb5 Rxb3+ 48. Kd4 Rb2 49. a6 Ra2 50.
a7 b3 51. Rf1 b2 52. Rb1 Nb6 53. Kc5 Nc8 54. Rxb2 Ra1 55. Rh2 Nxa7 56. Nxa7 Rxa7 57. Rxh6 Ra4 58. Kd5 Rg4 59. Rh7+ Kf6 60. e4 Rxg3 61. e5+ Kg6 62. Ra7 Rd3+ 63. Ke4 Rb3 64. Ra6+ Kf7 65. Kf5 Rf3+ 66. Kxg5 Ke7 67. Rf6 Rxf6 68. exf6+ Kf7 69. Kf5 Kf8 70. Ke6 Ke8 71. f7+ Kf8 72. Kf6 1/2-1/2

[Event "FIDE World Cup 2013"]
[Site "TromsÃ¸"]
[Date "2013.08.13"]
[Round "1.4"]
[White "Safarli, Eltaj"]
[Black "Amin, Bassem"]
[Result "1-0"]
[ECO "C47"]
[WhiteElo "2660"]
[BlackElo "2650"]
[PlyCount "181"]
[EventDate "2013.??.??"]
[EventCountry "NOR"]
[TimeControl "1500+10"]

1. e4 e5 2. Nf3 Nc6 3. Nc3 Nf6 4. g3 g6 5. Bg2 Bg7 6. O-O O-O 7. d3 d6 8. h3 Ne8 9. Nd5 Be6 10. c3 Qc8 11. Kh2 h6 12. d4 exd4 13. Nxd4 Bxd5 14. exd5 Nxd4 15. cxd4 c5 16. dxc6 bxc6 17. Qa4 d5 18. Bf4 Qb7 19. Rac1 Rc8 20. Rc2 g5 21.
Bd2 Nd6 22. Bb4 Rfd8 23. Bc5 Ne4 24. b3 a6 25. Re1 Nxc5 26. Rxc5 Bf8 27. Rc2 Qb4 28. Qxb4 Bxb4 29. Rec1 Ba3 30. Rd1 c5 31. dxc5 Rxc5 32. Rxc5 Bxc5 33. Bxd5 Kg7 34. Kg2 Kf6 35. f4 gxf4 36. gxf4 a5 37. Kf3 Bb4 38. Rd3 Rd7 39. Ke2 Re7+ 40. Kf3 Rd7 41. h4 Rd8 42. h5 Rd7 43. Rd4 Bc5 44. Rd1 Bb4 45.
Rd3 Rd8 46. a4 Rd7 47. Rd1 Rd8 48. Ke4 Re8+ 49. Kd4 Re1 50. Rd3 Rf1 51. Ke4 Re1+ 52. Kf3 Rf1+ 53. Kg3 Rc1 54. Rd4 Rc3+ 55. Kg4 Bc5 56. Rd2 Bb4 57. Rd1 Re3 58. Bc4 Re1 59. Rd7 Re7 60. Rd5 Rc7 61. Rf5+ Kg7 62. Rb5 Kf6 63. Rb6+ Kg7 64. Kf5 Bd2 65. Rb5 Bb4 66. Ke4 Kf6 67.
Rb6+ Kg7 68. Bd5 Re7+ 69. Kd4 Bd2 70. Ra6 Rc7 71. f5 Bc3+ 72.
Kd3 Rc5 73. Ke4 Rc7 74. f6+ Bxf6 75. Rxa5 Re7+ 76. Kd3 Re5 77.
Rb5 Rxh5 78. a5 Rh3+ 79. Kc4 Rc3+ 80. Kb4 Rc1 81. Rb7 Bc3+ 82.
Kb5 Rf1 83. a6 Bd4 84. Bc4 Rf2 85. b4 Rf3 86. Bd5 Rf1 87. Kc4 Bg1 88. a7 Rc1+ 89. Kb5 Ra1 90. Rxf7+ Kg6 91. Rf1 1-0

[Event "FIDE World Cup 2013"]
[Site "TromsÃ¸"]
[Date "2013.08.13"]
[Round "1.4"]
[White "Sasikiran, Krishnan"]
[Black "Lupulescu, Constantin"]
[Result "1-0"]
[ECO "E10"]
[WhiteElo "2660"]
[BlackElo "2650"]
[PlyCount "90"]
[EventDate "2013.??.??"]
[EventCountry "NOR"]
[TimeControl "1500+10"]

1. d4 Nf6 2. c4 e6 3. Nf3 d5 4. g3 Bb4+ 5. Bd2 Be7 6. Bg2 c6 7. b3 b6 8. Bc3 Ne4 9. Bb2 Nd7 10. O-O O-O 11. Nbd2 f5 12. Ne1 Bb7 13. Nd3 Bd6 14. e3 Qe7 15.
Re1 Rad8 16. f3 Nxd2 17. Qxd2 c5 18. cxd5 exd5 19. Rac1 Rc8 20.
dxc5 bxc5 21. e4 dxe4 22. fxe4 fxe4 23. Nf2 Ne5 24. Nxe4 Bc7 25. Nf6+ Qxf6 26. Bxb7 Rcd8 27. Qe2 Rfe8 28. Kh1 Qb6 29. Qe4 Bd6 30. Rcd1 Kh8 31. Bd5 h6 32. Qh4 Bb8 33. Qh5 Qc7 34. Be4 Qf7 35.
Qxf7 Nxf7 36. Bg6 Rxd1 37. Rxd1 Kg8 38. Ba3 Re6 39. Bxf7+ Kxf7 40. Bxc5 Ke8 41. Rd2 a6 42. Kg2 Bc7 43. b4 h5 44. Kf3 Rf6+ 45.
Ke4 Rf1 1-0

[Event "FIDE World Cup 2013"]
[Site "TromsÃ¸"]
[Date "2013.08.13"]
[Round "1.4"]
[White "Shirov, Alexei"]
[Black "Hou, Yifan"]
[Result "1-0"]
[ECO "D38"]
[WhiteElo "2696"]
[BlackElo "2600"]
[PlyCount "55"]
[EventDate "2013.??.??"]
[EventCountry "NOR"]
[TimeControl "1500+10"]

1. d4 Nf6 2. c4 e6 3. Nf3 d5 4. Nc3 Bb4 5. Qa4+ Nc6 6. e3 O-O 7. Qc2 dxc4 8.
Bxc4 e5 9. dxe5 Ng4 10. O-O Ngxe5 11. Nxe5 Nxe5 12. Be2 Bg4 13. f3 Bd7 14. a3 Bd6 15. f4 Nc6 16. b4 a6 17. Bb2 Re8 18. Rf3 Re6 19. Bd3 Rh6 20.
Rg3 Bf8 21. Nd5 Qh4 22. Qc3 Qxh2+ 23. Kf2 f6 24. Nxf6+ Rxf6 25.
Rh1 Qxg3+ 26. Kxg3 h6 27. Qc4+ Be6 28. Qc2 1-0

[Event "FIDE World Cup 2013"]
[Site "TromsÃ¸"]
[Date "2013.08.13"]
[Round "1.4"]
[White "Swiercz, Dariusz"]
[Black "Zvjaginsev, Vadim"]
[Result "1-0"]
[ECO "B15"]
[WhiteElo "2650"]
[BlackElo "2659"]
[PlyCount "71"]
[EventDate "2013.??.??"]
[EventCountry "NOR"]
[TimeControl "1500+10"]

1. e4 c6 2. d4 d5 3. Nc3 dxe4 4. Nxe4 Nf6 5. Nxf6+ exf6 6. c3 Bd6 7. Bd3 O-O 8. Ne2 Nd7 9. Qc2 h6 10. O-O Re8 11. Be3 Nf8 12. Rfe1 Bg4 13.
h3 Bh5 14. Nf4 Bxf4 15. Bxf4 Bg6 16. Be3 Qa5 17. a4 Qh5 18. Rad1 Rad8 19. b4 Bxd3 20. Qxd3 Ng6 21. b5 f5 22. f3 Nh4 23. Bf4 g5 24. Bc7 Rc8 25. Be5 Re6 26. Bg3 Rce8 27. Rxe6 Rxe6 28. c4 g4 29. d5 cxd5 30. cxd5 Rg6 31. fxg4 fxg4 32. d6 Nf3+ 33. gxf3 Qxh3 34. Kf2 gxf3 35. Rg1 Qd7 36. Qxf3 1-0

[Event "FIDE World Cup 2013"]
[Site "TromsÃ¸"]
[Date "2013.08.13"]
[Round "1.4"]
[White "Ushenina, Anna"]
[Black "Svidler, Peter"]
[Result "0-1"]
[ECO "A77"]
[WhiteElo "2500"]
[BlackElo "2746"]
[PlyCount "80"]
[EventDate "2013.??.??"]
[EventCountry "NOR"]
[TimeControl "1500+10"]

1. d4 g6 2. Nf3 Bg7 3. c4 d6 4. Nc3 Nf6 5. e4 O-O 6. Be2 c5 7. d5 e6 8. O-O exd5 9. cxd5 Re8 10. Nd2 b6 11. f3 Ba6 12. Bxa6 Nxa6 13. Nc4 Nc7 14. Bf4 Bf8 15. a4 Nh5 16. Be3 Rb8 17. g4 Nf6 18. Bf4 h5 19. h3 a6 20. Qd2 b5 21. axb5 axb5 22. Na5 Qd7 23. Nc6 Ra8 24. b4 cxb4 25. Nxb4 Bg7 26. Rac1 hxg4 27. hxg4 Ra3 28. Rf2 Rb3 29. Nc6 b4 30. Ne2 Rxf3 31. Rxf3 Nxe4 32. Qd3 Qxg4+ 33. Ng3 Nxd5 34. Bxd6 Ng5 35. Rxf7 Nxf7 36. Qxd5 Re6 37. Bb8 Ng5 38. Rf1 Kh7 39. Qh1+ Nh3+ 40. Kg2 Re2+ 0-1

[Event "FIDE World Cup 2013"]
[Site "TromsÃ¸"]
[Date "2013.08.13"]
[Round "1.4"]
[White "Wojtaszek, Radoslaw"]
[Black "Fier, Alexandr"]
[Result "1/2-1/2"]
[ECO "D02"]
[WhiteElo "2701"]
[BlackElo "2595"]
[PlyCount "76"]
[EventDate "2013.??.??"]
[EventCountry "NOR"]
[TimeControl "1500+10"]

1. d4 d5 2. Nf3 e6 3. c4 c6 4. e3 f5 5. Bd3 Nf6 6. Nc3 Bd6 7. Bd2 O-O 8.
O-O Ne4 9. Rc1 Nd7 10. Be1 Rf6 11. g3 Rh6 12. Nd2 Ndf6 13. f3 Nxc3 14. bxc3 g5 15. e4 fxe4 16. fxe4 e5 17. cxd5 cxd5 18. Nf3 Nxe4 19. Qb3 Be6 20. dxe5 Bc5+ 21. Nd4 Qb6 22. Qa4 Qc7 23. Rb1 b6 24. Kh1 Qxe5 25. Nxe6 Qxe6 26. Rb2 Rf8 27. Rxf8+ Bxf8 28. Re2 Qf5 29. Rg2 Qf3 30. Qc2 Bc5 31. Be2 Qf5 32. Qd3 Rf6 33. Qb5 Nd6 34. Qd3 Ne4 35. g4 Nf2+ 36. Bxf2 Qxd3 37. Bxd3 Rxf2 38. Rxf2 Bxf2 1/2-1/2

[Event "FIDE World Cup 2013"]
[Site "TromsÃ¸"]
[Date "2013.08.13"]
[Round "1.5"]
[White "Adhiban, B."]
[Black "Alekseev, Evgeny"]
[Result "1/2-1/2"]
[ECO "E11"]
[WhiteElo "2567"]
[BlackElo "2714"]
[PlyCount "41"]
[EventDate "2013.??.??"]
[EventCountry "NOR"]
[TimeControl "600+10"]

1. d4 Nf6 2. c4 e6 3. Nf3 Bb4+ 4. Nbd2 O-O 5. a3 Be7 6. e4 d6 7. Bd3 Nbd7 8.
Qe2 e5 9. d5 Nh5 10. g3 g6 11. Bc2 Ndf6 12. b4 Bh3 13. Bb2 a5 14. Rb1 axb4 15. axb4 c6 16. Ng5 Bg4 17. Ngf3 cxd5 18. cxd5 Bh3 19. Ng5 Bg4 20. Ngf3 Bh3 21. Ng5 1/2-1/2

[Event "FIDE World Cup 2013"]
[Site "TromsÃ¸"]
[Date "2013.08.13"]
[Round "1.5"]
[White "Hracek, Zbynek"]
[Black "Bologan, Viktor"]
[Result "1/2-1/2"]
[ECO "A81"]
[WhiteElo "2635"]
[BlackElo "2672"]
[PlyCount "66"]
[EventDate "2013.??.??"]
[EventCountry "NOR"]
[TimeControl "600+10"]

1. d4 f5 2. g3 Nf6 3. Bg2 g6 4. Nf3 Bg7 5. O-O O-O 6. b3 d6 7. Bb2 Qe8 8. c4 Na6 9. Nbd2 Rb8 10. Qc2 c5 11. Rad1 Bd7 12. Rfe1 b5 13. cxb5 Bxb5 14. a4 Nb4 15. Qc1 Ba6 16. dxc5 Rc8 17. Qc3 dxc5 18. Nc4 Bb7 19. Na5 Bd5 20. Ng5 e6 21. e4 fxe4 22. Bxe4 Nh5 23. Qc1 Qd7 24. Nxe6 Bxb2 25. Nxf8 Rxf8 26. Qxb2 Nf4 27. Bxd5+ Nbxd5 28. Rxd5 Nh3+ 29. Kg2 Qxd5+ 30. Kxh3 Rf5 31. Qc2 Rh5+ 32. Kg4 Rg5+ 33. Kh3 Rh5+ 1/2-1/2

[Event "FIDE World Cup 2013"]
[Site "TromsÃ¸"]
[Date "2013.08.13"]
[Round "1.5"]
[White "Jones, Gawain C B"]
[Black "Shimanov, Aleksandr"]
[Result "1/2-1/2"]
[ECO "C07"]
[WhiteElo "2643"]
[BlackElo "2664"]
[PlyCount "123"]
[EventDate "2013.??.??"]
[EventCountry "NOR"]
[TimeControl "600+10"]

1. e4 e6 2. d4 d5 3. Nd2 c5 4. Ngf3 cxd4 5. exd5 Qxd5 6. Bc4 Qd7 7. O-O Nc6 8. Nb3 Nf6 9. Qe2 a6 10. a4 Bd6 11. Rd1 e5 12. Nbxd4 Nxd4 13. Rxd4 Qe7 14. Rxd6 Qxd6 15. b3 e4 16. Ba3 Qf4 17. Re1 Bg4 18.
h3 Bxf3 19. Qxf3 Qxf3 20. gxf3 O-O-O 21. fxe4 Rd7 22. f4 Re8 23. e5 g6 24. Bd3 Nd5 25. Re4 f6 26. e6 Rc7 27. f5 gxf5 28.
Rd4 Ne7 29. Rh4 Ng6 30. Rd4 Ne7 31. Rh4 Ng6 32. Rh6 Nf4 33. Bxf5 Nxe6 34. Rxf6 Rc6 35. Bxh7 Nd4 36. Rxc6+ Nxc6 37. Bb2 Kc7 38. h4 Re6 39. h5 Rh6 40. Bg6 Ne7 41. Bg7 Rxg6+ 42. hxg6 Nxg6 43. Kf2 b5 44. a5 Kc6 45. Ke3 Ne7 46. Ke4 Nd5 47. Bf8 Nc3+ 48. Ke5 Nd5 49. Kd4 Nc7 50. Bh6 Ne6+ 51. Ke5 Nc5 52. Be3 Nb7 53. Bd2 Kc5 54. Be3+ Kc6 55.
Bb6 b4 56. Kd4 Nd6 57. Bc5 Nb5+ 58. Kc4 Na3+ 59. Kxb4 Nxc2+ 60. Kc4 Na1 61. Bd4 Nxb3 62. Kxb3 1/2-1/2

[Event "FIDE World Cup 2013"]
[Site "TromsÃ¸"]
[Date "2013.08.13"]
[Round "1.5"]
[White "Leitao, Rafael"]
[Black "Inarkiev, Ernesto"]
[Result "1/2-1/2"]
[ECO "D11"]
[WhiteElo "2632"]
[BlackElo "2680"]
[PlyCount "53"]
[EventDate "2013.??.??"]
[EventCountry "NOR"]
[TimeControl "600+10"]

1. d4 d5 2. c4 c6 3. Nf3 Nf6 4. e3 a6 5. Bd2 g6 6. Nc3 Bg7 7. Be2 O-O 8.
O-O b5 9. cxd5 cxd5 10. b4 Nc6 11. a4 bxa4 12. Nxa4 Rb8 13. Rb1 Ne4 14. Nc5 e5 15. dxe5 Nxe5 16. Nd4 Qb6 17. Nxe4 dxe4 18. b5 Qf6 19. Qc2 axb5 20. Rxb5 Rxb5 21. Bxb5 Bf5 22. Nxf5 Qxf5 23. Be2 Rc8 24. Qb1 h5 25. Rc1 Rxc1+ 26. Qxc1 Ng4 27. Bxg4 1/2-1/2

[Event "FIDE World Cup 2013"]
[Site "TromsÃ¸"]
[Date "2013.08.13"]
[Round "1.5"]
[White "Lou, Yiping"]
[Black "Kamsky, Gata"]
[Result "0-1"]
[ECO "E21"]
[WhiteElo "2483"]
[BlackElo "2763"]
[PlyCount "88"]
[EventDate "2013.??.??"]
[EventCountry "NOR"]
[TimeControl "600+10"]

1. d4 Nf6 2. c4 e6 3. Nc3 Bb4 4. Nf3 b6 5. e3 Bb7 6. Bd3 O-O 7. O-O c5 8. Na4 cxd4 9. exd4 Be7 10. Bf4 d6 11. Qe2 Nbd7 12. Rfe1 Re8 13. Rac1 Bf8 14. Bb1 g6 15. h3 Rc8 16. Bg5 Qc7 17. b4 Qb8 18. a3 Qa8 19. Red1 h6 20.
Be3 a6 21. Nb2 e5 22. dxe5 dxe5 23. Ne1 a5 24. Bd2 e4 25. Qe3 axb4 26. axb4 Qb8 27. Bc3 Ba8 28. Ba2 Ne5 29. Bd4 Bxb4 30. Qxh6 Bc5 31. Nc2 Rcd8 32. Qg5 Nh7 33. Qg3 Nf8 34. Qc3 Nc6 35. Na4 Nxd4 36. Nxd4 e3 37. Nxc5 bxc5 38. Ne2 Rxd1+ 39. Rxd1 exf2+ 40. Kxf2 Qh2 41. Rd5 Bxd5 42. cxd5 Qd6 43. Qf3 Nd7 44. Nc3 Qf6 0-1

[Event "FIDE World Cup 2013"]
[Site "TromsÃ¸"]
[Date "2013.08.13"]
[Round "1.5"]
[White "Melkumyan, Hrant"]
[Black "Granda Zuniga, Julio E"]
[Result "1-0"]
[ECO "E18"]
[WhiteElo "2632"]
[BlackElo "2679"]
[PlyCount "93"]
[EventDate "2013.??.??"]
[EventCountry "NOR"]
[TimeControl "600+10"]

1. d4 Nf6 2. c4 e6 3. Nf3 b6 4. g3 Bb7 5. Bg2 Be7 6. O-O O-O 7. Nc3 Ne4 8.
Bd2 Bf6 9. Ne5 Nxc3 10. Bxc3 Bxg2 11. Kxg2 g6 12. e4 Bg7 13. Nf3 d6 14. Rc1 Nd7 15. h4 Qe7 16. h5 Nf6 17. hxg6 Nxe4 18. gxh7+ Kh8 19. Qe2 f5 20. Rh1 Rf6 21. Nh4 Raf8 22. Qh5 Qf7 23. Qxf7 R8xf7 24. d5 e5 25. Be1 Bh6 26. Rc2 Rxh7 27. f3 Nc5 28. b4 Nd7 29. Rc3 a6 30. Ra3 b5 31. cxb5 axb5 32. Ra8+ Bf8 33. Bf2 Kg8 34. Rc1 f4 35. g4 e4 36. Rxc7 e3 37. Be1 Nb6 38. Rxh7 Kxh7 39. Re8 Rf7 40. g5 Kg8 41. g6 Re7 42. Rb8 Nd7 43. Rd8 Ne5 44. Nf5 Rd7 45.
Rxd7 Nxd7 46. Bc3 Ne5 47. Bxe5 1-0

[Event "FIDE World Cup 2013"]
[Site "TromsÃ¸"]
[Date "2013.08.13"]
[Round "1.5"]
[White "Negi, Parimarjan"]
[Black "Kryvoruchko, Yuriy"]
[Result "0-1"]
[ECO "B33"]
[WhiteElo "2634"]
[BlackElo "2678"]
[PlyCount "52"]
[EventDate "2013.??.??"]
[EventCountry "NOR"]
[TimeControl "600+10"]

1. e4 c5 2. Nf3 Nc6 3. Nc3 Nf6 4. d4 cxd4 5. Nxd4 e5 6. Ndb5 d6 7. Bg5 a6 8. Na3 b5 9. Nd5 Be7 10. Bxf6 Bxf6 11. c4 b4 12. Nc2 O-O 13. Be2 Bg5 14. Ncxb4 Nxb4 15. Nxb4 Qb6 16. Nd5 Qxb2 17. O-O Qa3 18. Rb1 Qc5 19. Bg4 Be6 20. Bxe6 fxe6 21. Nb6 Ra7 22. Qg4 Rb7 23. Qxe6+ Kh8 24. Qd5 Rfb8 25. h4 Bxh4 26. g3 Bf6 0-1

[Event "FIDE World Cup 2013"]
[Site "TromsÃ¸"]
[Date "2013.08.13"]
[Round "1.5"]
[White "Ramirez, Alejandro"]
[Black "Tomashevsky, Evgeny"]
[Result "0-1"]
[ECO "A06"]
[WhiteElo "2583"]
[BlackElo "2709"]
[PlyCount "78"]
[EventDate "2013.??.??"]
[EventCountry "NOR"]
[TimeControl "600+10"]

1. Nf3 d5 2. d4 c6 3. c4 e6 4. Qc2 dxc4 5. Qxc4 Nf6 6. Bg5 b5 7. Qc2 Bb7 8. e4 Nbd7 9. Nbd2 h6 10. Bh4 Qb6 11. a4 a6 12. Be2 g5 13. Bg3 Nh5 14. O-O Nxg3 15.
hxg3 g4 16. Nh4 Qxd4 17. Bxg4 Bg7 18. axb5 cxb5 19. Nhf3 Qc5 20.
Qb3 O-O 21. Rac1 Qb6 22. Rfd1 Rac8 23. Rxc8 Rxc8 24. Bh5 Nf6 25. g4 Qc5 26. Qd3 Nxh5 27. gxh5 Bxb2 28. e5 Bxe5 29. Ne4 Bxe4 30. Qxe4 Bg7 31. Qb7 a5 32. Rd7 Rf8 33. g4 a4 34. Nh4 a3 35. Qa6 b4 36. Ng6 b3 37.
Nxf8 b2 38. Nxe6 b1=Q+ 39.
Kh2 Qxf2+ 0-1

[Event "FIDE World Cup 2013"]
[Site "TromsÃ¸"]
[Date "2013.08.13"]
[Round "1.5"]
[White "Riazantsev, Alexander"]
[Black "Felgaer, Ruben"]
[Result "0-1"]
[ECO "D11"]
[WhiteElo "2708"]
[BlackElo "2586"]
[PlyCount "86"]
[EventDate "2013.??.??"]
[EventCountry "NOR"]
[TimeControl "600+10"]

1. d4 d5 2. c4 c6 3. Nf3 Nf6 4. g3 Bf5 5. Nc3 e6 6. Nh4 Bg4 7. f3 Bh5 8. Qb3 Qb6 9. c5 Qc7 10. Bf4 Qc8 11. Bh3 Be7 12. O-O Nbd7 13. e4 O-O 14. g4 Bg6 15.
Nxg6 hxg6 16. e5 Ne8 17. Be3 b6 18. cxb6 Nxb6 19. Qc2 c5 20. b3 cxd4 21. Bxd4 Bc5 22. Qf2 Bxd4 23. Qxd4 g5 24. f4 gxf4 25. Rxf4 Qd8 26. g5 Qxg5+ 27. Kh1 g6 28. Rg1 Qh6 29. Rh4 Qg7 30. Rhg4 Rc8 31.
Rg5 Rc6 32. Ne2 Nd7 33. Nf4 Kh7 34. Qd3 Nc5 35. Qc2 Ne4 36. Qxc6 Qh6 37. Nxe6 fxe6 38. R5g2 Qxh3 39. Qc2 Qf3 40. Rc1 Nf2+ 41. Kg1 Nh3+ 42. Kh1 Qf1+ 43. Rg1 Nf2+ 0-1

[Event "FIDE World Cup 2013"]
[Site "TromsÃ¸"]
[Date "2013.08.13"]
[Round "1.5"]
[White "Safarli, Eltaj"]
[Black "Amin, Bassem"]
[Result "1-0"]
[ECO "C47"]
[WhiteElo "2660"]
[BlackElo "2650"]
[PlyCount "101"]
[EventDate "2013.??.??"]
[EventCountry "NOR"]
[TimeControl "600+10"]

1. e4 e5 2. Nf3 Nc6 3. Nc3 Nf6 4. g3 g6 5. Bg2 Bg7 6. O-O O-O 7. d3 d6 8. h3
Ne8 9. Nd5 Be6 10. c3 h6 11.
d4 f5 12. Nh4 Bxd5 13. exd5 Ne7 14. dxe5 dxe5 15. Qb3 Nd6 16. Nf3 Kh7 17. Re1 e4 18. Nd4 Bxd4 19. cxd4 Qe8 20. Bf4 Qf7 21. Bxd6 cxd6 22. Qxb7 Nxd5 23. Qxf7+ Rxf7 24. f3 Re8 25. fxe4 Rfe7 26. e5 Nb4 27. Rad1 Nxa2 28. Ra1 Nb4 29. Ra4 Rb8 30. e6 Kg7 31. d5 Kf6 32. Re3 Rb5 33. Bf1 Rb6 34. Bc4 a6 35.
Ra5 Rc7 36. b3 Ke7 37. Kf2 Rb8 38. Re2 Rbc8 39. Ke3 Rc5 40. Rxc5 Rxc5 41. Kd4 Ra5 42. Rf2 Ra1 43. Kc3 a5 44. g4 Rc1+ 45. Kd2 Ra1 46. Rf3 Ra2+ 47. Kc1 a4 48. gxf5 Rc2+ 49. Kd1 a3 50. f6+ Kf8 51. f7 1-0

[Event "FIDE World Cup 2013"]
[Site "TromsÃ¸"]
[Date "2013.08.13"]
[Round "1.5"]
[White "Shirov, Alexei"]
[Black "Hou, Yifan"]
[Result "1-0"]
[ECO "D38"]
[WhiteElo "2696"]
[BlackElo "2600"]
[PlyCount "83"]
[EventDate "2013.??.??"]
[EventCountry "NOR"]
[TimeControl "600+10"]

1. d4 Nf6 2. c4 e6 3. Nf3 d5 4. Nc3 Bb4 5. Qa4+ Nc6 6. e3 O-O 7. Qc2 dxc4 8.
Bxc4 Bd6 9. O-O e5 10. dxe5 Nxe5 11. Nxe5 Bxe5 12. h3 c6 13. a4 a5 14. b3 Re8 15. Bb2 Be6 16. Rfd1 Qb6 17. Bxe6 Rxe6 18. Rd3 Rae8 19. Rad1 h6 20. Ne2 Nd5 21. Bxe5 Rxe5 22. Qd2 Re4 23. Nc3 Nxc3 24. Qxc3 Qb4 25. Qc2 g6 26. Rd4 Rxd4 27. Rxd4 Qb6 28. Qd3 Qc5 29. g4 h5 30.
Kg2 Kg7 31. Rd7 hxg4 32. hxg4 Qb4 33. Kf3 Re6 34. Qc4 Rf6+ 35. Ke2 Qa3 36. Qc3 g5 37. f4 Qa2+ 38. Rd2 Qb1 39. Rd6 Qg6 40. f5 Qh6 41. Qe5 b5 42. Rxc6 1-0

[Event "FIDE World Cup 2013"]
[Site "TromsÃ¸"]
[Date "2013.08.13"]
[Round "1.5"]
[White "Zvjaginsev, Vadim"]
[Black "Swiercz, Dariusz"]
[Result "1/2-1/2"]
[ECO "A22"]
[WhiteElo "2659"]
[BlackElo "2650"]
[PlyCount "47"]
[EventDate "2013.??.??"]
[EventCountry "NOR"]
[TimeControl "600+10"]

1. c4 Nf6 2. Nc3 e5 3. g3 c6 4. Nf3 e4 5. Nd4 Qb6 6. e3 d5 7. Qb3 dxc4 8.
Bxc4 Qxb3 9. Bxb3 Na6 10. O-O Nc5 11. Bc2 Bh3 12. Rd1 O-O-O 13. b4 Nd3 14. Nxe4 Nxb4 15. Nxf6 Nxc2 16. Nxc2 gxf6 17. Bb2 Be7 18. f3 Rhg8 19. Kf2 h5 20. Nd4 Rg5 21. Ne2 h4 22. Nf4 hxg3+ 23. hxg3 Be6 24. Nxe6 1/2-1/2

[Event "FIDE World Cup 2013"]
[Site "TromsÃ¸"]
[Date "2013.08.13"]
[Round "1.6"]
[White "Alekseev, Evgeny"]
[Black "Adhiban, B."]
[Result "1/2-1/2"]
[ECO "B40"]
[WhiteElo "2714"]
[BlackElo "2567"]
[PlyCount "111"]
[EventDate "2013.??.??"]
[EventCountry "NOR"]
[TimeControl "600+10"]

1. e4 c5 2. Nf3 e6 3. c3 d5 4. exd5 Qxd5 5. d4 Nf6 6. Be2 Nc6 7. O-O Be7 8. c4 Qd7 9. dxc5 Bxc5 10. Nc3 O-O 11. Bg5 Qc7 12. Bxf6 gxf6 13. Qd2 Kg7 14. Rad1 Rd8 15. Qc1 Bd7 16. Ne4 Be7 17. Ng3 Rg8 18.
Qc3 Kh8 19. Nh5 Ne5 20. Nxe5 fxe5 21. Rxd7 Qxd7 22. Qxe5+ f6 23.
Nxf6 Bxf6 24. Qxf6+ Qg7 25. Qxg7+ Kxg7 26. Bf3 Rac8 27. b3 b6 28. Re1 Kf6 29. g3 Rgd8 30. Re2 Rd4 31. Be4 h6 32. Kg2 Rcd8 33. Re3 a5 34. a4 Rd2 35. h4 Rg8 36. Bf3 Rgd8 37. Be4 Rg8 38.
Kf3 Rf8 39. Kg2 Ke5 40. Bf3+ Kd6 41. g4 Rb2 42. Kg3 Rb1 43. Be4 Rf1 44. f3 Rg1+ 45. Kh2 Rd1 46. Kg3 Rg1+ 47. Kh2 Rd1 48. Bg6 Rd4 49. Kg3 Rd1 50. Kg2 Rd2+ 51. Kg3 Rd1 52. Kg2 Rd2+ 53. Kh3 Rd1 54. Kg2 Rd2+ 55. Kg3 Rd1 56. Kg2 {[%emt 0:00:19] Ke5}
1/2-1/2

[Event "FIDE World Cup 2013"]
[Site "TromsÃ¸"]
[Date "2013.08.13"]
[Round "1.6"]
[White "Amin, Bassem"]
[Black "Safarli, Eltaj"]
[Result "1/2-1/2"]
[ECO "B30"]
[WhiteElo "2650"]
[BlackElo "2660"]
[PlyCount "80"]
[EventDate "2013.??.??"]
[EventCountry "NOR"]
[TimeControl "600+10"]

1. e4 c5 2. Nf3 Nc6 3. g3 g6 4. Bg2 Bg7 5. O-O d6 6. c3 e5 7. d3 Nge7 8.
a3 O-O 9. b4 h6 10. Nbd2 Be6 11. Nb3 c4 12. dxc4 Bxc4 13. Re1 Qc7 14. Nfd2 Be6 15. a4 a5 16. b5 Nb8 17. Ba3 Nd7 18. Nf1 Nc5 19. Nxc5 dxc5 20. Ne3 Rfd8 21. Qc2 Nc8 22. Bf1 c4 23. Red1 Nb6 24. Be2 Bf8 25.
Bxf8 Kxf8 26. Bg4 Qe7 27. Bxe6 Qxe6 28. Qc1 h5 29. Ra2 Kg7 30.
Rad2 Rxd2 31. Rxd2 Qe7 32. Qd1 Qa3 33. Rd6 Nxa4 34. Nxc4 Qa2 35. Nxe5 Nxc3 36. Qd3 Qb1+ 37. Qxb1 Nxb1 38. Rd1 Nc3 39. Rd7 a4 40. Rxf7+ Kg8 1/2-1/2

[Event "FIDE World Cup 2013"]
[Site "TromsÃ¸"]
[Date "2013.08.13"]
[Round "1.6"]
[White "Bologan, Viktor"]
[Black "Hracek, Zbynek"]
[Result "1-0"]
[ECO "C85"]
[WhiteElo "2672"]
[BlackElo "2635"]
[PlyCount "95"]
[EventDate "2013.??.??"]
[EventCountry "NOR"]
[TimeControl "600+10"]

1. e4 e5 2. Nf3 Nc6 3. Bb5 a6 4. Ba4 Nf6 5. O-O Be7 6. Bxc6 dxc6 7. d3 Nd7 8. b3 O-O 9. Bb2 f6 10. Nc3 Nc5 11. d4 exd4 12. Nxd4 Re8 13. f3 Ne6 14. Nf5 Bc5+ 15. Kh1 Qxd1 16. Raxd1 a5 17. Rfe1 Nf8 18. g4 Ng6 19. Kg2 Be6 20. a4 Rad8 21. Kg3 Kf7 22. Ne2 Bb4 23. Bc3 c5 24. Bxb4 axb4 25. Ne3 Ne7 26. h4 Nc6 27. f4 Bc8 28.
Kf3 b6 29. Rxd8 Rxd8 30. Rd1 Rxd1 31. Nxd1 Nd4+ 32. Nxd4 cxd4 33.
f5 c5 34. Kf4 Ba6 35. Nb2 Be2 36. g5 fxg5+ 37. hxg5 h5 38. g6+ Ke7 39. Kg5 h4 40. Kxh4 Kf6 41. Kg3 Ke5 42. Nd3+ Bxd3 43. cxd3 c4 44. dxc4 d3 45. Kf2 Kd4 46. Ke1 Kc3 47. Kd1 Kxb3 48. f6 1-0